 Dungeon Crawl Stone Soup version 0.30.0-29-ga12c61a403 (webtiles) character file.

Game seed: 13293386403121491941

508 McKennaii the Trooper (level 6, 0/49 HPs)
             Began as a Demonspawn Fighter on June 5, 2023.
             Slain by a gnoll
             ... wielding a +0 halberd
             ... led by a gnoll bouda
              (7 damage)
             ... on level 4 of the Dungeon.
             The game lasted 00:02:24 (3604 turns).

McKennaii the Trooper (Demonspawn Fighter)          Turns: 3604, Time: 00:02:25

Health: 0/49       AC: 10    Str: 18    XL:     6   Next: 98%
Magic:  6/6        EV:  7    Int: 10    God:
Gold:   199        SH:  5    Dex: 12    Spells: 5/5 levels left

rFire   . . .        k - +2 spear (heavy)
rCold   . . .        c - +0 buckler
rNeg    . . .        j - +0 chain mail
rPois   +            (no helmet)
rElec   .            (no cloak)
rCorr   .            (no gloves)
SInv    .            f - +0 pair of boots
Will    .....        o - amulet of the acrobat Stlth
                     r - ring of poison resistance
HPRegen 0.28/turn    (no ring)
MPRegen 0.10/turn

%: acrobat
@: no status effects
A: powered by death 2, spiny 1
a: no special abilities


You were on level 4 of the Dungeon.
You visited 1 branch of the dungeon, and saw 5 of its levels.

You collected 199 gold pieces.

Inventory:

Hand Weapons
 a - a +0 trident
 k - a +2 heavy spear (weapon)
Armour
 c - a +0 buckler (worn)
 f - a +0 pair of boots (worn)
 j - a +0 chain mail (worn)
Jewellery
 o - an amulet of the acrobat (around neck)
 r - a ring of poison resistance (left hand)
 u - an amulet of faith
Scrolls
 b - 4 scrolls of identify {unknown}
 e - a scroll of torment {unknown}
 g - 2 scrolls of fog {unknown}
 h - a scroll of enchant weapon {unknown}
 l - a scroll of vulnerability {unknown}
 m - a scroll of enchant armour {unknown}
 s - a scroll of brand weapon {unknown}
 v - 7 scrolls of teleportation {unknown}
 w - a scroll of magic mapping {unknown}
 x - a scroll of amnesia {unknown}
Potions
 d - 3 potions of might
 i - a potion of resistance {unknown}
 n - a potion of lignification {unknown}
 p - a potion of heal wounds {unknown}
 q - 2 potions of curing {unknown}
 t - a potion of ambrosia {unknown}


   Skills:
 + Level 4.7 Fighting
 + Level 3.6 Polearms
 + Level 4.3 Armour
 + Level 4.3 Shields


You had 5 spell levels left.
You didn't know any spells.
Your spell library contained the following spells:

 Spells                   Type           Power      Damage    Failure   Level
 Cigotuvi's Dreadful Rot  Necr/Pois/Air  0%         N/A       99%         2
 Ignite Poison            Fire/Tmut/Pois 0%         N/A       100%        3
 Freezing Cloud           Conj/Ice/Air   0%         6-21      100%        5
 Iskenderun's Battlesphe  Conj           0%         2d6       100%        5
 Iron Shot                Conj/Erth      0%         9d1       100%        6
 Spellforged Servitor     Conj/Summ      0%         N/A       100%        7


Dungeon Overview and Level Annotations

Branches:
Dungeon (5/15)             Temple (0/1) D:4

Altars:

Annotations:
D:5 Edmund


Innate Abilities, Weirdness & Mutations

You regenerate health from kills.
You are partially covered in sharp spines.


Message History

The gnoll hits you from afar with a +0 halberd.
The gnoll bouda barks out a call to the hunt!
The gnolls pick up the pace!
You reach to attack!
You puncture the gnoll!
You kill the gnoll!
The gnoll hits you from afar with a +0 halberd!
The gnoll hits you from afar with a +0 halberd.
You hit the gnoll bouda.
The gnoll bouda is moderately wounded.
The gnoll bouda hits you with a +0 whip.
You block the gnoll's attack.
The gnoll bouda gazes fiercely through you!
You feel as though you will be weak longer.
The gnoll bouda hits you but does no damage.
You barely miss the gnoll bouda.
The gnoll bouda is moderately wounded.
The gnoll hits you from afar with a +0 halberd.
The gnoll bouda is struck by your spines.
The gnoll bouda hits you with a +0 whip.
You block the gnoll's attack.
You are too injured to fight recklessly!
You are too injured to fight recklessly!
You are too injured to fight recklessly!
You are too injured to fight recklessly!
You puncture the gnoll bouda!
The gnoll bouda is almost dead.
The gnoll bouda closely misses you.
The gnoll hits you from afar with a +0 halberd.
You block the gnoll bouda's attack.
You hit the gnoll bouda but do no damage.
The gnoll bouda is almost dead.
Your attacks no longer feel as feeble.
The gnoll barely misses you.
The gnoll bouda hits you but does no damage.
The gnoll hits you from afar with a +0 halberd!
* * * LOW HITPOINT WARNING * * *
You hit the gnoll bouda.
You kill the gnoll bouda!
The gnoll hits you from afar with a +0 halberd!
You die...

#### ####..##
#####......### #####
##..........g<# ....####
#.....)......## .......###
##.#.@).......#
.........###..#...g......#
...........#.##.........##
.............####......##
............## ###....#
............# ###.##
.........#.##### ###
........#..###.####
##.....##.###.....###


You could see a gnoll (swift).

Vanquished Creatures
  A black bear (D:4)
  An ogre (D:4)
  A scorpion (D:4)
  A gnoll bouda (D:4)
  An orc priest (D:4)
  Jessica (D:3)
  An orc wizard (D:4)
  6 gnolls
  5 adders
  5 orcs
  5 bats
  9 endoplasms
  2 giant cockroaches
  5 goblins
  10 hobgoblins
  9 jackals
  5 quokkas
  8 ball pythons
  3 frilled lizards
  6 kobolds
  7 rats
92 creatures vanquished.

Notes
Turn   | Place    | Note
-------+----------+-------------------------------------------
     0 | D:1      | McKennaii the Demonspawn Fighter began the quest for the
                  | Orb.
     0 | D:1      | Reached XP level 1. HP: 18/18 MP: 1/1
    82 | D:1      | Gained mutation: You regenerate a little health from kills.
                  | [demonic ancestry]
    82 | D:1      | Reached XP level 2. HP: 3/24 MP: 2/2
   567 | D:1      | Reached XP level 3. HP: 29/29 MP: 3/3
  1913 | D:3      | Noticed Jessica
  1917 | D:3      | Killed Jessica
  1918 | D:3      | Gained mutation: You regenerate health from kills. [demonic
                  | ancestry]
  1918 | D:3      | Reached XP level 4. HP: 33/36 MP: 4/4
  2716 | D:4      | Reached XP level 5. HP: 34/42 MP: 5/5
  2906 | D:4      | Gained mutation: You are partially covered in sharp spines.
                  | [demonic ancestry]
  2906 | D:4      | Reached XP level 6. HP: 48/48 MP: 6/6
  3128 | D:4      | Found a staircase to the Ecumenical Temple.
  3507 | D:5      | Entered Level 5 of the Dungeon
  3507 | D:5      | Noticed Edmund
  3604 | D:4      | Slain by a gnoll

Illustrated notes

Levels and vault maps discovered:
D:1:      dpeg_arrival_arbitrary_c, layout_basic, serial_corexii_hall,
          corexii_hall_statues_t, corexii_hall_statues_u
D:2:      layout_loops_corners
D:3:      layout_loops_ring, minmay_between, uniq_jessica
D:4:      layout_cave_pods, minmay_temple_entry_enclosed_plants
D:5:      layout_cave_pools, uniq_sigmund, uniq_duvessa, uniq_menkaure,
          uniq_edmund

Skill      XL: |  1  2  3  4  5  6 |
---------------+-------------------+-----
Polearms       | 2 3 |  3.6
Shields        | 3 4 |  4.3
Armour         | 3 4 |  4.3
Fighting       | 4 |  4.7

Action                     |  1- 3 |  4- 6 || total
---------------------------+-------+-------++-------
  Melee: Trident           |   112 |       ||   112
         Spear             |    25 |   113 ||   138
 Armour: Scale mail        |    40 |       ||    40
         Chain mail        |     9 |    49 ||    58
  Dodge: Dodged            |    47 |    46 ||    93
  Block: Buckler           |    27 |    19 ||    46
